Florence1, neutral female human Healer -------- |....>.| |......| |......| -----.-- # ### I ### # Florence1 the Rhizotomist Experience level: 1 Strength: 8 Dexterity: 8 Constitution: 10 Intelligence: 11 Wisdom: 18 Charisma: 16 Health: 0(22) Energy: 5(5) Def: 3 Gold: 1620 Moves: 1426 Dungeon seed: DM36Wxl3DBeGAQsC Game ID: Florence1_1533055910 Your Inventory: Coins $ - 1620 gold pieces Weapons a - an uncursed +0 scalpel s - an uncursed +0 silver saber t - an uncursed +0 arrow Armor e - an uncursed +1 pair of leather gloves (being worn) n - an uncursed +0 orcish helm (being worn) r - an uncursed +0 pair of iron shoes z - an uncursed +0 dwarvish cloak Comestibles k - 8 blessed eucalyptus leaves l - a blessed sprig of wolfsbane m - 2 blessed cloves of garlic o - 6 uncursed apples q - 2 uncursed food rations Spellbooks h - a blessed spellbook of healing i - a blessed spellbook of extra healing j - a blessed spellbook of stone to flesh Potions u - a cursed potion of hallucination Rings p - an uncursed ring of conflict (on left hand) Wands g - an uncursed wand of sleep (0:7) Tools c - an uncursed stethoscope (weapon in hand) v - an uncursed blindfold Gems y - an uncursed worthless piece of black glass N - an uncursed agate Spells and supernatural/magical abilities: Name Level Category Fail Memory h - healing 1 healing 19% 93% x - extra healing 3 healing 97% 93% S - stone to flesh 3 healing 100% 93% W - pray for help -- divine ? -- Your skills at the end: Miscellaneous Skills wands [Basic] Weapon Skills knife [Basic] Spellcasting Skills healing spells [Basic] Final Attributes: You were devoutly aligned. You were poison resistant. Your writing hand was thoroughly cramped from overuse. You were stealthy. You caused conflict. You are dead. Vanquished creatures: a gnome lord a gnomish wizard a dwarf 10 gnomes 4 jackals a kobold 3 newts 2 goblins 2 grid bugs a lichen 26 creatures vanquished. Voluntary challenges: You followed a strict vegan diet. You were not invisible. You did not have reflection. You were not displaced. You never hit with a wielded weapon. You were a pacifist. You did not apply a unicorn horn. You did not use plumbed fixtures. You read items or engraved 7 times, starting on turn 1057. You never genocided any monsters. You never polymorphed an object. You never changed form. You used no wishes. You never split a pudding. You wrote Elbereth's name 7 times, starting on turn 1057. You never violated your personal moral code. Dungeon overview: The Dungeons of Doom: levels 1 to 2 Level 1 a long staircase Level 2 (T) stairs to The Gnomish Mines The Gnomish Mines: levels 3 to 7 Level 3 stairs to The Dungeons of Doom Level 5 <- You were here Level 6 Level 7 History has recorded: On T:1 you entered the Dungeons of Doom to retrieve the Amulet of Yendor! On T:113 you prayed to Hermes. On T:761 you reached level 2 of The Dungeons of Doom. On T:1025 you reached level 1 of The Gnomish Mines. On T:1179 you reached level 4 of The Gnomish Mines. On T:1239 you reached level 5 of The Gnomish Mines. On T:1289 you reached level 3 of The Gnomish Mines. Score breakdown: Gold: 161 ( 16 points) Experience: 1 level ( 0 points) Exploration: 7 levels ( 180 points) Discoveries: 7 items ( 350 points) Variety of kills: 10 monsters ( 500 points) Major goal: (nothing yet) ( 0 points) Survival: died (score multiplied by 3) Total score: 3138 Latest messages: Something is written here in the dust. You read: "?lbe et". You hear some noises. The gnome misses. The gnome punches you! The gnome misses the gnome. The gnome punches you! You write in the dust with your fingers. Your entire arm is cramping up. You simply cannot write any more right now. You manage to get your message written, but the effort is draining. The gnome misses the gnome. The gnome punches you! You fail to cast the spell correctly. The gnome misses the gnome. The gnome punches you! The sleep ray hits the gnome. (2x) The sleep ray hits you! Something punches you! (2x) You die... Final status: Goodbye Florence1 the Healer, killed by a gnome, while sleeping... You died in The Gnomish Mines on dungeon level 5 with 3138 points, and 1620 pieces of gold, after 1426 moves. You were level 1 with a maximum of 22 hit points when you died.